 Dungeon Crawl Stone Soup version 0.29-a0-323-g050149af67 (webtiles) character file.

Game seed: 13889999922187533446

25923 spaghetti the Warrior (level 12, -1/111 HPs)
             Began as a Demonspawn Berserker on Apr 10, 2022.
             Was a High Priest of Trog.
             Slain by Snorg (13 damage)
             ... on level 5 of the Lair of Beasts.
             The game lasted 00:24:26 (15023 turns).

spaghetti the Warrior (Demonspawn Berserker)       Turns: 15023, Time: 00:24:26

Health: -1/111     AC:  8    Str: 34    XL:     12   Next: 93%
Magic:  12/12      EV: 20    Int:  7    God:    Trog [*****.]
Gold:   713        SH:  0    Dex: 14    Spells: 11/11 levels left

rFire   x . .      SeeInvis +   y - +12 dagger "Embalmer" {spect, rF- Str+5 Int+4, short}
rCold   + + +      Faith    .   (no shield)
rNeg    . . .      Spirit   .   a - +4 skin of Zhor {*Englaciate rC+++ SInv}
rPois   +          Reflect  .   (no helmet)
rElec   .          Harm     .   w - +0 cloak
rCorr   .          Rampage  .   (no gloves)
Will    .....                   (no boots)
Stlth   +.........              J - amulet of the acrobat
HPRegen 0.28/turn               g - +4 ring of evasion
MPRegen 0.13/turn               k - ring of Sopt {rPois rC+ Str+7 Int-5}

@: no status effects
A: foul stench 2, powered by death 3, demonic touch 2
a: Renounce Religion, Berserk, Trog's Hand, Brothers in Arms


You were on level 5 of the Lair of Beasts.
You worshipped Trog.
Trog was extremely pleased with you.
You visited 2 branches of the dungeon, and saw 15 of its levels.

You collected 713 gold pieces.


Innate Abilities, Weirdness & Mutations

You sometimes emit foul miasma when damaged in melee.
You regenerate a lot of health from kills.
Your touch may inflict irresistible damage on your foes.


   Skills:
 - Level 16.0 Fighting
 - Level 3.5(3.7) Maces & Flails
 - Level 1.7(2.9) Staves
 - Level 10.7 Armour
 + Level 9.3 Dodging


You had 11 spell levels left.
You didn't know any spells.
Your spell library contained the following spells:

 Spells                   Type           Power      Damage    Failure   Level
 Sandblast                Erth           0%         2d4       43%         1
 Shock                    Conj/Air       0%         1d3       43%         1
 Blink                    Tloc           0%         N/A       56%         2
 Corpse Rot               Necr/Air       0%         N/A       56%         2
 Passwall                 Tmut/Erth      0%         N/A       56%         2
 Frozen Ramparts          Ice            0%         1d2       80%         3
 Lesser Beckoning         Tloc           0%         N/A       80%         3
 Stone Arrow              Conj/Erth      0%         3d7       80%         3
 Summon Guardian Golem    Hex/Summ       0%         N/A       80%         3
 Swiftness                Air            0%         N/A       80%         3
 Airstrike                Air            0%         N/A       99%         4
 Animate Armour           Summ/Erth      0%         N/A       99%         4
 Dispel Undead            Necr           0%         3d6       99%         4
 Hailstorm                Conj/Ice       0%         3d3       99%         4
 Ice Form                 Ice/Tmut       0%         N/A       99%         4
 Summon Ice Beast         Ice/Summ       0%         N/A       99%         4
 Manifold Assault         Tloc           0%         N/A       100%        5
 Summon Forest            Summ/Tloc      0%         N/A       100%        5
 Summon Mana Viper        Hex/Summ       0%         N/A       100%        5
 Death Channel            Necr           0%         N/A       100%        6
 Simulacrum               Ice/Necr       0%         N/A       100%        6
 Summon Cactus Giant      Summ           0%         N/A       100%        6
 Orb of Destruction       Conj           0%         9d5       100%        7
 Spellforged Servitor     Conj/Summ      0%         N/A       100%        7
 Lehudib's Crystal Spear  Conj/Erth      0%         10d2      100%        8

Inventory:

Hand Weapons
 v - a +5 quarterstaff of chaos {staff}
   (You took it off Crazy Yiuf on level 3 of the Dungeon)
 y - the +12 dagger "Embalmer" (weapon) {spect, rF- Str+5 Int+4, short}
   (You found it on level 5 of the Dungeon)

   When its wielder attacks, the weapon's spirit leaps out and strikes again.
   The spirit shares a part of any damage it takes with its wielder.
   Str:       It affects your strength (+5).
   Int:       It affects your intelligence (+4).
   rF:        It makes you vulnerable to fire.
 Q - a +1 vorpal executioner's axe {axerare=g}
   (Trog gifted it to you on level 1 of the Lair of Beasts)
 Z - the +4 war axe of Cheibriados's Esteem {vorpal, rPois, axe}
   (You found it on level 4 of the Lair of Beasts)

   It inflicts extra damage upon your enemies.
   rPois:     It protects you from poison.
Missiles
 e - 290 stones (quivered) {throwing}
 o - 6 boomerangs {throwing}
 s - 14 poisoned darts {throwing}
 t - 3 silver boomerangs {throwing}
 x - a throwing net {=f!fthrowing}
 F - 7 javelins {throwing}
 S - 4 curare-tipped darts {=fthrowing}
 W - 4 atropa-tipped darts {throwing}
 Y - 6 silver javelins {throwing}
Armour
 a - the +4 skin of Zhor (worn) {*Englaciate rC+++ SInv}
   (You found it on level 3 of the Lair of Beasts)

   It radiates cold, occasionally slowing all nearby creatures who are not
   resistant to cold.
   rC:        It renders you almost immune to cold.
   SInv:      It lets you see invisible.
 d - +0 acid dragon scales
   (You took it off Maggie on level 6 of the Dungeon)
 w - a +0 cloak (worn)
   (You took it off Crazy Yiuf on level 3 of the Dungeon)
Jewellery
 f - a ring of protection from cold
   (You found it on level 4 of the Lair of Beasts)
 g - a +4 ring of evasion (left hand)
   (You found it on level 1 of the Dungeon)
 i - a ring of flight
   (You found it on level 4 of the Lair of Beasts)
 j - a ring of protection from fire
   (You found it on level 1 of the Dungeon)
 k - the ring of Sopt (right hand) {rPois rC+ Str+7 Int-5}
   (You acquired it on level 3 of the Dungeon)

   [ring of poison resistance]

   Str:       It affects your strength (+7).
   Int:       It affects your intelligence (-5).
   rC:        It protects you from cold.
   rPois:     It protects you from poison.
 J - an amulet of the acrobat (around neck)
   (You found it on level 7 of the Dungeon)
 O - an amulet of magic regeneration {@e2}
   (You found it on level 10 of the Dungeon)
Wands
 n - a wand of paralysis (1)
   (You found it on level 4 of the Lair of Beasts)
 u - a wand of digging (7)
   (You took it off Crazy Yiuf on level 3 of the Dungeon)
 B - a wand of iceblast (18)
   (You took it off an orc on level 4 of the Dungeon)
 H - a wand of flame (13)
   (You took it off Grinder on level 6 of the Dungeon)
 V - a wand of acid (12)
   (You found it on level 2 of the Lair of Beasts)
Scrolls
 h - a scroll of identify {@r1}
 D - a scroll of silence {!r}
 E - a scroll of enchant weapon
 M - a scroll of torment {!r}
 N - 6 scrolls of teleportation {@r4}
 P - a scroll of magic mapping {!r}
 R - a scroll of summoning
 T - 2 scrolls of amnesia
 U - a scroll of blinking {!r}
Potions
 b - a potion of berserk rage {unknown}
 c - 3 potions of mutation {!q}
 l - 6 potions of curing {@q1}
 m - 3 potions of lignification {!q}
 p - 3 potions of ambrosia
 q - 4 potions of degeneration {unknown}
 r - 3 potions of flight {unknown}
 z - 2 potions of heal wounds {unknown}
 A - a potion of invisibility {unknown}
 C - 2 potions of resistance {unknown}
 G - a potion of might {unknown}
 I - a potion of attraction {unknown}
 K - a potion of magic {unknown}
 L - 3 potions of brilliance {unknown}
 X - a potion of haste {unknown}

Dungeon Overview and Level Annotations

Branches:
Dungeon (10/15)            Temple (0/1) D:4            Lair (5/6) D:10
  Swamp (0/4) Lair:2        Snake (0/4) Lair:4
  Slime: Lair:5-6       Orc: D:9-12

Altars:

Shops:
D:5 *

Annotations:
Lair:2 exclusion: 5 electric eels
Lair:4 exclusion: 2 electric eels
Lair:5 Snorg

..(...........
##.(............
#P..............
..(............ #####
#.(........... ####.#.#
#.(......>...
###.#....### #(T....(....
...........###.#@...(....
...........P.##.......?..
..............#..#PP.....
...............##..<.....
##............##P.......#
#...........P#........##
##....................#
##...##.††<............
#.######.#....>........


You could see Snorg (berserk, extremely poisoned, slow) and a friendly +12
dagger "Embalmer" {spect, rF- Str+5 Int+4, short} (summoned).


Message History

You are too injured to fight recklessly! 😕 HP[-15]
You take 15 damage, and now have 96/111 hp.
You are too injured to fight recklessly!
You are too injured to fight recklessly!
You are too injured to fight recklessly!
You are too injured to fight recklessly!
You are too injured to fight recklessly!
You are too injured to fight recklessly!
You are too injured to fight recklessly!
You are too injured to fight recklessly!
You are too injured to fight recklessly!
You are too injured to fight recklessly!
You are too injured to fight recklessly!
You are too injured to fight recklessly!
You are too injured to fight recklessly!
You are too injured to fight recklessly!
You are too injured to fight recklessly!
You are too injured to fight recklessly!
You are too injured to fight recklessly!
You are too injured to fight recklessly!
You are too injured to fight recklessly!
You are too injured to fight recklessly!
You are too injured to fight recklessly!
You are too injured to fight recklessly!
You are too injured to fight recklessly!
Unknown command.
You hit the water moccasin.
Your +12 dagger "Embalmer" {spect, rF- Str+5 Int+4, short} hits the water moccasin!
The water moccasin completely misses you.
You hit the water moccasin.
Your +12 dagger "Embalmer" {spect, rF- Str+5 Int+4, short} hits the water moccasin!
You kill the water moccasin!
Trog accepts your kill.
Snorg is no longer moving slowly.
Snorg is engulfed in dark miasma.
Snorg is poisoned.
Snorg goes berserk! 😕 HP[+3]
You regained 3 hp, and now have 99/111 hp.
You puncture Snorg!
Your +12 dagger "Embalmer" {spect, rF- Str+5 Int+4, short} hits Snorg!
Snorg is engulfed in dark miasma.
Snorg looks even sicker.
Snorg barely misses you. Snorg closely misses you. Snorg claws you!! 😮 HP[-17]
You take 17 damage, and now have 82/111 hp.
You barely miss Snorg. Your touch misses Snorg.
Your +12 dagger "Embalmer" {spect, rF- Str+5 Int+4, short} completely misses Snorg.
Snorg is engulfed in dark miasma.
Snorg looks even sicker.
Snorg misses you. Snorg completely misses you.
Snorg claws you but does no damage.
Snorg is engulfed in dark miasma.
Snorg looks as sick as possible!
Snorg misses you. Snorg claws you but does no damage.
Snorg completely misses you. 😮 HP[+1]
You puncture Snorg!
You touch Snorg!
Your +12 dagger "Embalmer" {spect, rF- Str+5 Int+4, short} hits Snorg!
You radiate an aura of cold.
Snorg resists.
Your +12 dagger "Embalmer" {spect, rF- Str+5 Int+4, short} is unaffected.
Snorg is engulfed in dark miasma.
Snorg looks as sick as possible!
Snorg bites you! Snorg barely misses you. x2 😮 HP[-13]
You take 13 damage, and now have 70/111 hp.
You hit Snorg.
Your +12 dagger "Embalmer" {spect, rF- Str+5 Int+4, short} hits Snorg!
Your +12 dagger "Embalmer" {spect, rF- Str+5 Int+4, short} fades away.
Snorg is engulfed in dark miasma.
Snorg looks as sick as possible!
Snorg closely misses you. Snorg claws you. Snorg misses you.
Snorg is engulfed in dark miasma.
Snorg looks as sick as possible!
Snorg seems to slow down.
Snorg closely misses you. Snorg claws you but does no damage.
Snorg closely misses you. 😮 HP[-1]
You take 1 damage, and now have 69/111 hp.
You puncture Snorg!
Your +12 dagger "Embalmer" {spect, rF- Str+5 Int+4, short} hits Snorg!
Snorg is engulfed in dark miasma.
Snorg looks as sick as possible!
Snorg closely misses you. Snorg completely misses you. Snorg claws you!
* * * LOW HITPOINT WARNING * * *
😨 HP[-14]
You take 14 damage, and now have 55/111 hp.
You completely miss Snorg.
Your +12 dagger "Embalmer" {spect, rF- Str+5 Int+4, short} completely misses Snorg.
Snorg is engulfed in dark miasma.
Snorg looks as sick as possible!
Snorg bites you!!
* * * LOW HITPOINT WARNING * * *
Snorg closely misses you. Snorg completely misses you. 😨 HP[-20]
You take 20 damage, and now have 35/111 hp.
You puncture Snorg!
Your +12 dagger "Embalmer" {spect, rF- Str+5 Int+4, short} barely misses Snorg.
Snorg is engulfed in dark miasma.
Snorg looks as sick as possible!
Snorg seems to slow down.
Snorg bites you!
* * * LOW HITPOINT WARNING * * *
Snorg misses you. Snorg claws you!
* * * LOW HITPOINT WARNING * * *
😱 HP[-24]
You take 24 damage, and now have 11/111 hp.
MASSIVE DAMAGE!! (PAUSE)
You closely miss Snorg.
Your +12 dagger "Embalmer" {spect, rF- Str+5 Int+4, short} barely misses Snorg.
Snorg bites you!
You die...

Skill      XL: |  1  2  3  4  5  6  7  8  9 10 11 12 |
---------------+-------------------------------------+-----
Maces & Flails | 3 |  3.5
Fighting       | 4 5 6 7 9 11 13 14 15 16 | 16.0
Staves         | 1 |  1.7
Armour         | 5 7 9 10 | 10.7
Dodging        | 5 9 |  9.3

Action                   |  1- 3 |  4- 6 |  7- 9 | 10-12 || total
-------------------------+-------+-------+-------+-------++-------
Melee: Mace              |    31 |       |       |       ||    31
       Short sword       |    59 |   140 |       |       ||   199
       Touch             |     7 |    28 |    25 |   103 ||   163
       Punch             |       |     2 |     2 |     9 ||    13
       Quarterstaff      |       |    69 |    91 |       ||   160
       Dagger            |       |       |    95 |   411 ||   506
Throw: Stone             |    61 |    12 |   105 |   223 ||   401
Invok: Berserk           |     2 |     3 |     5 |     3 ||    13
       Trog's Hand       |       |       |     1 |       ||     1
  Use: Scroll            |       |     5 |     3 |     8 ||    16
       Potion            |       |       |     1 |       ||     1
 Stab: Petrifying        |       |       |     1 |       ||     1
       Distracted        |       |       |     1 |     7 ||     8
       Sleeping          |       |       |       |     1 ||     1
Armor: Ring mail         |    14 |    63 |    44 |       ||   121
       Animal skin       |     1 |       |       |    24 ||    25
       Acid dragon scale |       |       |     4 |    66 ||    70
Dodge: Dodged            |    67 |   234 |   191 |   305 ||   797

Levels and vault maps discovered:
D:1:      dpeg_arrival_leaves_temple_mockup, layout_basic, minmay_surrounded
D:2:      layout_basic, minmay_divided_ellipse, uniq_natasha
D:3:      lemuel_castle_with_subvaults [lemuel_castle_interior_carwin_2],
          layout_loops_ring, serial_bayou_crossing, uniq_crazy_yiuf_cottage
D:4:      layout_basic, minmay_temple_entry_junction, minmay_cupped
D:5:      layout_layer_cave, serial_shops, kennysheep_little_box
D:6:      layout_cave_pools, kennysheep_generic_room_10, uniq_edmund,
          uniq_blork_the_orc, uniq_grinder, uniq_maggie
D:7:      layout_basic, grunt_ministairs_2, uniq_menkaure, uniq_joseph,
          uniq_duvessa
D:8:      layout_basic
D:9:      layout_long_grid, uniq_grum, uniq_erica
D:10:     layout_irregular_city, nicolae_ru_awakened_eye, lair_entry_dummy,
          orc_david_3
Lair:1:   layout_long_grid, columned_hall_lemuel, lemuel_fruit_tree
Lair:2:   layout_roguey, minmay_swamp_entry_eels, dreamdust_mushroom_princess,
          uniq_sonja
Lair:3:   layout_regular_city, hellmonk_guarded_unrand_zhor, lemuel_fruit_fields
Lair:4:   layout_cave_pods, minmay_snake_entry_spellcaster, beast_lair_carwin_7,
          serial_bayou_shore_a
Lair:5:   layout_cave_pods, uniq_snorg

Notes
Turn   | Place    | Note
-------+----------+-------------------------------------------
     0 | D:1      | spaghetti the Demonspawn Berserker began the quest for the
                  | Orb.
     0 | D:1      | Reached XP level 1. HP: 18/18 MP: 1/1
     0 | D:1      | magus.rc [v1.9.6]
   148 | D:1      | Reached skill level 3 in Maces & Flails
   340 | D:1      | Gained mutation: You regenerate a little health from kills.
                  | [demonic ancestry]
   340 | D:1      | Reached XP level 2. HP: 24/24 MP: 2/2
   655 | D:1      | Gained mutation: Your touch may inflict minor irresistible
                  | damage on your foes. [demonic ancestry]
   655 | D:1      | Reached XP level 3. HP: 29/29 MP: 3/3
  1434 | D:2      | You pick up a book of Dangerous Friends {forbidden} and
                  | begin reading...
  1434 | D:2      | You add the spells Summon Guardian Golem, Orb of
                  | Destruction and Spellforged Servitor to your library.
  1556 | D:2      | Reached ** piety under Trog
  1564 | D:2      | Reached skill level 4 in Fighting
  1636 | D:2      | Noticed Natasha
  1643 | D:2      | Killed Natasha
  1644 | D:2      | Gained mutation: Your touch may inflict irresistible damage
                  | on your foes. [demonic ancestry]
  1644 | D:2      | Reached XP level 4. HP: 28/38 MP: 4/4
  1969 | D:3      | Noticed an ogre
  1981 | D:3      | Killed an ogre
  1982 | D:3      | Reached skill level 5 in Fighting
  1982 | D:3      | Gained mutation: You regenerate health from kills. [demonic
                  | ancestry]
  1982 | D:3      | Reached XP level 5. HP: 46/46 MP: 5/5
  2159 | D:3      | Reached skill level 6 in Fighting
  2177 | D:3      | Reached XP level 6. HP: 52/52 MP: 6/6
  2419 | D:3      | Reached *** piety under Trog
  2585 | D:3      | Found a runed translucent door.
  2586 | D:3      | Noticed Crazy Yiuf
  2645 | D:3      | Killed Crazy Yiuf
  2654 | D:3      | Identified a scroll of acquirement
  2756 | D:3      | Acquired the ring of Sopt {rPois rC+ Str+7 Int-5}
  2876 | D:3      | You pick up a book of Air {forbidden} and begin reading...
  2876 | D:3      | You add the spells Shock, Swiftness and Airstrike to your
                  | library.
  2924 | D:3      | Reached skill level 7 in Fighting
  3249 | D:3      | Gained mutation: You may rarely emit foul miasma when
                  | damaged in melee. [demonic ancestry]
  3249 | D:3      | Reached XP level 7. HP: 59/60 MP: 7/7
  3280 | D:3      | Reached skill level 8 in Fighting
  3511 | D:4      | Found a staircase to the Ecumenical Temple.
  3596 | D:4      | Reached skill level 9 in Fighting
  3750 | D:4      | Reached **** piety under Trog
  3770 | D:4      | You pick up a book of Geomancy {forbidden} and begin
                  | reading...
  3770 | D:4      | You add the spells Sandblast, Passwall and Stone Arrow to
                  | your library.
  3826 | D:4      | Identified the +6 dagger "Wecau" {pain, rC+ Will- Int+5}
  4033 | D:5      | Entered Level 5 of the Dungeon
  4059 | D:5      | Reached skill level 1 in Staves
  4059 | D:5      | Gained mutation: You sometimes emit foul miasma when
                  | damaged in melee. [demonic ancestry]
  4059 | D:5      | Reached XP level 8. HP: 63/71 MP: 8/8
  4141 | D:5      | You pick up a book of the Tundra {forbidden} and begin
                  | reading...
  4141 | D:5      | You add the spells Hailstorm, Ice Form and Simulacrum to
                  | your library.
  4224 | D:5      | Identified the +12 dagger "Embalmer" {spect, rF- Str+5
                  | Int+4}
  5126 | D:5      | Found Geitsieg's Assorted Antiques.
  5155 | D:6      | Reached skill level 10 in Fighting
  5213 | D:6      | Noticed Blork the orc
  5221 | D:6      | Killed Blork the orc
  5222 | D:6      | Reached skill level 11 in Fighting
  5432 | D:6      | Reached XP level 9. HP: 74/81 MP: 9/9
  5496 | D:6      | Noticed Maggie
  5511 | D:6      | Killed Maggie
  5512 | D:6      | Reached skill level 12 in Fighting
  5829 | D:6      | Reached skill level 2 in Armour
  5834 | D:6      | You pick up a book of Decay {forbidden} and begin
                  | reading...
  5834 | D:6      | You add the spells Corpse Rot, Dispel Undead and Death
                  | Channel to your library.
  5851 | D:6      | Noticed Grinder
  5851 | D:6      | Noticed Edmund
  5860 | D:6      | Killed Grinder
  5861 | D:6      | Killed Edmund
  5862 | D:6      | Reached skill level 3 in Armour
  6335 | D:7      | Reached ***** piety under Trog
  6336 | D:7      | Noticed a two-headed ogre
  6352 | D:7      | Killed a two-headed ogre
  6353 | D:7      | Reached skill level 13 in Fighting
  6353 | D:7      | Reached skill level 4 in Armour
  6490 | D:7      | Noticed Joseph
  6493 | D:7      | Reached skill level 5 in Armour
  6680 | D:7      | Reached XP level 10. HP: 90/90 MP: 10/10
  6711 | D:7      | Killed Joseph
  6904 | D:7      | Noticed Menkaure
  6915 | D:7      | Killed Menkaure
  7200 | D:7      | Reached skill level 6 in Armour
  7485 | D:7      | You pick up a book of Armaments {forbidden} and begin
                  | reading...
  7485 | D:7      | You add the spells Animate Armour and Lehudib's Crystal
                  | Spear to your library.
  7698 | D:8      | You pick up a book of Spatial Translocations {forbidden}
                  | and begin reading...
  7698 | D:8      | You add the spells Blink, Lesser Beckoning and Manifold
                  | Assault to your library.
  7982 | D:8      | Noticed a two-headed ogre
  7990 | D:8      | Killed a two-headed ogre
  7991 | D:8      | Reached skill level 14 in Fighting
  7991 | D:8      | Reached skill level 7 in Armour
  8621 | D:10     | Entered Level 10 of the Dungeon
  8621 | D:10     | Found a staircase to the Lair.
  8632 | Lair:1   | Entered Level 1 of the Lair of Beasts
  8883 | Lair:1   | Noticed a cane toad
  8890 | Lair:1   | Killed a cane toad
  8968 | Lair:1   | Noticed a cane toad
  8976 | Lair:1   | Killed a cane toad
  9034 | Lair:1   | Noticed a cane toad
  9041 | Lair:1   | Killed a cane toad
  9041 | Lair:1   | Received a gift from Trog
  9052 | Lair:1   | Q - a +1 vorpal executioner's axe {axerare=g}
  9094 | Lair:1   | Reached XP level 11. HP: 90/101 MP: 11/11
  9103 | Lair:1   | Reached skill level 8 in Armour
  9368 | Lair:1   | Reached skill level 2 in Dodging
  9572 | Lair:1   | HP: 22/101 [blink frog (11)]
 10075 | Lair:1   | Reached skill level 3 in Dodging
 10079 | Lair:1   | Reached skill level 15 in Fighting
 10419 | Lair:2   | Noticed Sonja
 10429 | Lair:2   | Killed Sonja
 10584 | Lair:2   | Reached skill level 9 in Armour
 10598 | Lair:2   | Reached skill level 4 in Dodging
 11145 | Lair:2   | Noticed a six-headed hydra
 11151 | Lair:2   | HP: 25/102 [six-headed hydra (5)]
 11152 | Lair:2   | Killed a six-headed hydra
 11580 | Lair:2   | Noticed a seven-headed hydra
 11588 | Lair:2   | Killed a seven-headed hydra
 12041 | Lair:2   | Found a staircase to the Swamp.
 12158 | Lair:3   | Reached skill level 5 in Dodging
 12167 | Lair:3   | Noticed an eight-headed hydra
 12175 | Lair:3   | HP: 22/103 [eight-headed hydra (10)]
 12177 | Lair:3   | Killed an eight-headed hydra
 12178 | Lair:3   | Gained mutation: You regenerate a lot of health from kills.
                  | [demonic ancestry]
 12178 | Lair:3   | Reached XP level 12. HP: 27/111 MP: 12/12
 12458 | Lair:3   | You pick up a book of Rime {forbidden} and begin reading...
 12458 | Lair:3   | You add the spells Frozen Ramparts and Summon Ice Beast to
                  | your library.
 12502 | Lair:3   | You pick up a book of the Wilderness {forbidden} and begin
                  | reading...
 12502 | Lair:3   | You add the spells Summon Forest, Summon Mana Viper and
                  | Summon Cactus Giant to your library.
 12840 | Lair:3   | Received a gift from Trog
 12902 | Lair:3   | Reached skill level 10 in Armour
 12904 | Lair:3   | You pick up a book of Dangerous Friends {forbidden} and
                  | begin reading...
 12972 | Lair:3   | Found the +4 skin of Zhor {*Englaciate rC+++ SInv}
 13010 | Lair:3   | Reached skill level 6 in Dodging
 13664 | Lair:4   | Noticed a seven-headed hydra
 13666 | Lair:4   | Reached skill level 16 in Fighting
 13673 | Lair:4   | Killed a seven-headed hydra
 13860 | Lair:4   | Found a staircase to the Snake Pit.
 14096 | Lair:4   | Reached skill level 7 in Dodging
 14122 | Lair:4   | Noticed an eight-headed hydra
 14130 | Lair:4   | Killed an eight-headed hydra
 14293 | Lair:4   | Reached skill level 8 in Dodging
 14432 | Lair:4   | Identified the +4 war axe of Cheibriados's Esteem {vorpal,
                  | rPois}
 14446 | Lair:4   | Noticed a death yak
 14460 | Lair:4   | Killed a death yak
 14938 | Lair:5   | Reached skill level 9 in Dodging
 15005 | Lair:5   | Noticed Snorg
 15022 | Lair:5   | HP: 27/111 [Snorg (8)]
 15022 | Lair:5   | HP: 11/111 [Snorg (16)]
 15023 | Lair:5   | Slain by Snorg

Vanquished Creatures
  5 hydras
  2 two-headed ogres
  A death yak (Lair:4)
  Sonja (Lair:2)
  6 elephants (Lair:4)
  Joseph (D:7)
  A black mamba (Lair:1)
  A guardian serpent (Lair:4)
  9 cane toads
  A torpor snail (Lair:3)
  Maggie (D:6)
  3 rime drakes (Lair:3)
  4 komodo dragons
  Grinder (D:6)
  4 blink frogs (Lair:1)
  4 wyverns
  30 yaks
  5 basilisks
  4 steam dragons
  Menkaure (D:7)
  Edmund (D:6)
  An acid dragon (D:8)
  13 water moccasins
  2 orc warriors (D:8)
  A swamp drake (D:4)
  3 black bears
  A sky beast (D:8)
  An ogre (D:3)
  3 wolves (Lair:1)
  A phantom (D:6)
  A kobold brigand (D:8)
  Blork the orc (D:6)
  3 gnoll sergeants
  4 scorpions
  8 bullfrogs
  A necrophage (D:7)
  15 wights
  2 howler monkeys (D:3)
  2 orc priests
  Crazy Yiuf (D:3)
  4 hounds
  4 iguanas
  2 orc wizards
  Natasha (D:2)
  9 adders
  24 gnolls
  2 shadow imps
  2 white imps
  A dart slug (D:1)
  50 orcs
  6 endoplasms
  4 giant cockroaches
  7 hobgoblins
  24 jackals
  12 kobolds
  8 quokkas
  9 ball pythons
  6 bats
  4 frilled lizards
  10 goblins
  7 rats
346 creatures vanquished.

Vanquished Creatures (others)
  7 fungi
  9 plants
16 creatures vanquished.

Grand Total: 362 creatures vanquished

Table legend:
 A = Non-vault XP
 B = Vault XP
 C = Vault XP percentage of total XP
 D = Non-vault monster count
 E = Vault monster count
 F = Vault count percentage of total count
                 A         B        C        D         E       F
            +---------+---------+-------+---------+---------+-------
      Total |   28753 |    8281 |  22.4 |     247 |      99 |  28.6
            +---------+---------+-------+---------+---------+-------
        D:1 |      38 |       8 |  17.4 |      22 |       5 |  18.5
        D:2 |      33 |      59 |  64.1 |      13 |      14 |  51.9
        D:3 |     289 |     570 |  66.4 |      31 |      51 |  62.2
        D:4 |     243 |     142 |  36.9 |      19 |       3 |  13.6
        D:5 |     421 |       0 |   0.0 |      14 |       0 |   0.0
        D:6 |    1226 |    1152 |  48.4 |      25 |       9 |  26.5
        D:7 |    1970 |     896 |  31.3 |      20 |       5 |  20.0
        D:8 |    1984 |       0 |   0.0 |      19 |       0 |   0.0
     Lair:1 |    6694 |       0 |   0.0 |      30 |       0 |   0.0
     Lair:2 |    3941 |     782 |  16.6 |      11 |       1 |   8.3
     Lair:3 |    4761 |    1564 |  24.7 |      20 |       4 |  16.7
     Lair:4 |    4776 |    3108 |  39.4 |      12 |       7 |  36.8
     Lair:5 |    2377 |       0 |   0.0 |      11 |       0 |   0.0
            +---------+---------+-------+---------+---------+-------

Illustrated notes

Table legend:
 A = Kills in this place as a percentage of kills in entire the game.
 B = Kills by you in this place as a percentage of kills by you in the entire game.
 C = Kills by friends in this place as a percentage of kills by friends in the entire game.
 D = Other kills in this place as a percentage of other kills in the entire game.
 E = Experience gained in this place as a percentage of experience gained in the entire game.
 F = Experience gained in this place divided by the number of levels of this place that you have seen.
                   A       B       C       D       E      F
               +-------+-------+-------+-------+-------+----------------------
         Total | 100.0 | 100.0 |   N/A |   N/A | 100.0 | 2468.9
       Dungeon |  72.3 |  72.3 |   N/A |   N/A |  24.4 | 903.1
          Lair |  27.7 |  27.7 |   N/A |   N/A |  75.6 | 5600.6
               +-------+-------+-------+-------+-------+----------------------

Table legend: (Time is in decaauts)
 A = Elapsed time spent in this place.
 B = Non-inter-level travel time spent in this place.
 C = Inter-level travel time spent in this place.
 D = Time resting spent in this place.
 E = Time spent auto-exploring this place.
 F = Levels seen in this place.
 G = Mean time per level.
                   A        B        C        D        E       F      G
               +--------+--------+--------+--------+--------+-----+--------+
         Total |  15267 |  14915 |    352 |   3233 |   9446 |  15 | 1017.8 |
       Dungeon |   8811 |   8589 |    222 |   1693 |   5424 |  10 |  881.1 |
          Lair |   6455 |   6325 |    130 |   1540 |   4022 |   5 | 1291.0 |
               +--------+--------+--------+--------+--------+-----+--------+

Top non-repeatable levels by time:
  Lair:2: 2094 daAuts
  Lair:1: 1723 daAuts
     D:3: 1580 daAuts
     D:6: 1399 daAuts
  Lair:4: 1377 daAuts
  Lair:3: 1140 daAuts
     D:5: 1123 daAuts
     D:7: 1071 daAuts
     D:8: 1023 daAuts
     D:2: 998 daAuts
     D:1: 975 daAuts
     D:4: 612 daAuts
  Lair:5: 119 daAuts
     D:9: 16 daAuts
    D:10: 10 daAuts
